 Dungeon Crawl Stone Soup version 0.22-a0-247-gbddf880 (webtiles) character file.

56448 Azzok the Earth Mage (level 14, 0/88 HPs)
             Began as a Gargoyle Earth Elementalist on Feb 26, 2018.
             Was a High Priest of Vehumet.
             Slain by Rupert
             ... wielding a +2 great mace of protection
              (11 damage)
             ... on level 13 of the Dungeon.
             The game lasted 01:03:10 (26070 turns).

Azzok the Earth Mage (Gargoyle Earth Elementalist) Turns: 26070, Time: 01:03:11

Health: 0/88       AC: 20    Str: 12    XL:     14   Next: 81%
Magic:  30/35      EV: 12    Int: 24    God:    Vehumet [*****.]
Gold:   1439       SH:  4    Dex: 10    Spells: 15/29 levels left

rFire    + + .     SeeInvis .   a - +2 falchion (elec)
rCold    + . .     Gourm    .   t - +0 buckler
rNeg     + . .     Faith    .   D - +0 robe {rF+}
rPois    ∞         Spirit   .   s - +2 helmet {Int+3}
rElec    +         Reflect  .   (no cloak)
rCorr    .         Harm     .   U - +1 pair of gloves
MR       +....                  J - +0 pair of boots
Stlth    ++........             (no amulet)
HPRegen  0.24/turn              K - ring of fire
MPRegen  0.24/turn              L - ring "Luhaeb" {*Drain +Inv rC++ MP+9}

@: very slightly contaminated
A: big wings, negative energy resistance 1, electricity resistance, unbreathing,
petrification resistance, rot immunity, AC +10
a: Fly, Renounce Religion, Evoke Invisibility


You were on level 13 of the Dungeon.
You worshipped Vehumet.
Vehumet was extremely pleased with you.
You were hungry.

You visited 3 branches of the dungeon, and saw 20 of its levels.
You also visited: Labyrinth.

You collected 1527 gold pieces.
You spent 88 gold pieces at shops.

Inventory:

Hand Weapons
 a - a +2 falchion of electrocution (weapon)
 f - the +9 staff of Wucad Mu {channel}
   (You found it in a labyrinth)
Missiles
 N - 174 stones (quivered)
Armour
 j - a +1 robe of cold resistance
 s - a +2 helmet of intelligence (worn)
 t - a +0 buckler (worn)
 D - a +0 robe of fire resistance (worn)
 J - a +0 pair of boots (worn)
 U - a +1 pair of gloves (worn)
Magical Staves
 b - an uncursed staff of conjuration
Jewellery
 m - an uncursed ring of fire
 w - an uncursed ring of wizardry
 B - an uncursed ring of wizardry
 K - a ring of fire (left hand)
 L - the ring "Luhaeb" (right hand) {*Drain +Inv rC++ MP+9}
   (You found it in a labyrinth)

   [ring of magical power]

   It greatly protects you from cold.
   It affects your magic capacity (+9).
   It lets you turn invisible.
   It causes draining when unequipped.
 S - an uncursed ring of resist corrosion
Wands
 v - a wand of paralysis (37)
 x - a wand of clouds (8)
 C - a wand of disintegration (10)
 O - a wand of acid (9)
 P - a wand of polymorph (27)
 R - a wand of digging (43)
Scrolls
 e - a scroll of fear
 k - 11 scrolls of remove curse
 n - a scroll of immolation
 p - a scroll of noise
 u - 3 scrolls of magic mapping
 y - 5 scrolls of fog
 A - 4 scrolls of enchant armour
 E - a scroll of amnesia
 F - 2 scrolls of summoning
 Q - a scroll of identify
Potions
 g - a potion of degeneration {unknown}
 i - 5 potions of agility {unknown}
 l - 4 potions of brilliance {unknown}
 o - 4 potions of curing
 q - 3 potions of lignification {unknown}
 r - 3 potions of cancellation {unknown}
 z - a potion of berserk rage {unknown}
 G - a potion of mutation {unknown}
 H - 3 potions of flight {unknown}
 V - a potion of resistance {unknown}
Comestibles
 d - 22 rations


   Skills:
 - Level 10.2 Fighting
 - Level 10.0 Armour
 - Level 1.5 Dodging
 - Level 2.1 Stealth
 - Level 4.0 Shields
 + Level 8.2 Spellcasting
 + Level 13.1 Conjurations
 - Level 0.7 Transmutations
 + Level 18.0 Earth Magic


You had 15 spell levels left.
You knew the following spells:

 Your Spells              Type           Power        Failure   Level  Hunger
a - Sandblast             Erth           ######       0%          1    None
b - Stone Arrow           Conj/Erth      ######       1%          3    None
c - Lee's Rapid Deconstr  Erth           #######...   1%          5    #####..
d - Passwall              Tmut/Erth      ######....   1%          2    None
e - Regeneration          Chrm/Necr      #.........   19%         3    None


Dungeon Overview and Level Annotations

Branches:
Dungeon (12/15)            Temple (1/1) D:4            Lair (6/6) D:8
 Shoals (0/4) Lair:2       Spider (0/4) Lair:2        Slime (0/5) Lair:6
    Orc (0/2) D:9

Altars:
Cheibriados
Elyvilon
Fedhas
Kikubaaqudgha
Makhleb
Nemelex Xobeh
Okawaru
Qazlal
Uskayaw
Vehumet
Wu Jian
Xom
Yredelemnul
Zin
The Shining One

Shops:
D:5 !

Annotations:
D:8 1 runed door
D:13 Rupert


Innate Abilities, Weirdness & Mutations

You are resistant to torment.
Your stone body is resilient. (AC +10)
You are immune to poison.
Your large and strong wings let you fly indefinitely.
You resist negative energy. (rN+)
You are resistant to electric shocks. (rElec)
You can survive without breathing.
You are immune to petrification.
You are immune to rotting.


Message History

Casting: Passwall (safe; 1% risk of failure)
Confirm with . or Enter, or press ? or * to list all spells.
Okay, then.
Okay, then.
As you read the scroll of fear, it crumbles to dust.
You assume a fearsome visage.
Rupert easily resists.
Rupert hits you with a great mace of protection!
* * * LOW HITPOINT WARNING * * *
Rupert yells loudly at you.
You are confused.
You're too confused to move!
Rupert hits you with a great mace of protection!
* * * LOW HITPOINT WARNING * * *
You're too confused!
You're too confused to move!
Rupert hits you but does no damage.
You feel better.
Rupert hits you with a great mace of protection.
* * * LOW HITPOINT WARNING * * *
Rupert hits you with a great mace of protection!
You die...

▒▒▒▒▒▒▒▒▒▒···
▒cc·@@·······
▒·▒▒▒▒▒▒▒▒▒▒▒ ▒·▒ ▒c▒
▒c▒ ▒·▒ ♣♣♣ ▒·▒▒▒▒▒▒♣♣
♣♣♣·♣♣♣ ▒·▒▒·····♣♣
♣♣·····♣♣
▒·▒·······♣♣♣·······♣♣


You could see Rupert and 2 centaurs.

Vanquished Creatures
  A minotaur (Lab)
  A fire dragon (Lair:6)
  5 hydras
  Fannar (D:10)
  A catoblepas (Lair:3)
  5 two-headed ogres
  Sonja (D:12)
  An unseen horror (D:12)
  2 lindwurms
  Joseph (D:9)
  An ugly thing (D:12)
  5 centaur zombies
  4 elephants (Lair:4)
  6 black mambas
  3 molten gargoyles (Lair:6)
  2 gargoyles (D:11)
  10 spiny frogs
  10 komodo dragons
  2 rime drakes
  2 trolls (D:10)
  4 jumping spiders
  3 hornets
  26 blink frogs
  9 hippogriffs
  A vampire (D:11)
  6 wyverns
  3 redbacks
  63 yaks
  7 basilisks
  A steam dragon (Lair:6)
  3 hungry ghosts
  3 vampire mosquitoes (D:12)
  A soldier ant (D:8)
  An acid dragon (D:12)
  4 hell hounds (Lair:6)
  10 porcupines
  17 water moccasins
  3 orc warriors
  2 sky beasts
  A black bear (D:12)
  An eye of draining (D:13)
  7 ice beasts
  8 ogres
  6 wolves
  4 centaurs
  10 crocodiles
  3 big kobolds
  A wyvern zombie (D:6)
  10 bullfrogs
  A water moccasin zombie (D:7)
  3 scorpions (D:6)
  13 wights
  3 howler monkeys
  A troll skeleton (Lab)
  5 lava snakes (Lair:6)
  3 bullfrog zombies
  A quasit (D:6)
  6 crimson imps
  2 centaur skeletons
  6 hounds
  10 orc wizards
  2 bullfrog skeletons
  A gnoll shaman (D:8)
  14 jellies
  5 orc priests
  3 iguanas
  Natasha (thrice) (D:3)
  6 hell rats
  7 worker ants
  A killer bee zombie (D:8)
  A hound zombie (D:6)
  A hound skeleton (D:4)
  A worker ant zombie (D:7)
  A howler monkey skeleton (D:7)
  7 gnolls
  20 adders
  A shadow imp (D:5)
  5 oozes
  An adder zombie (D:9)
  An adder skeleton (D:10)
  4 worms
  5 leopard geckos
  54 orcs
  7 bats
  2 bat zombies (D:9)
  6 giant cockroaches
  6 goblins
  6 hobgoblins
  8 jackals
  27 kobolds
  4 quokkas
  3 ball pythons
  3 frilled lizards
  2 jackal skeletons (D:4)
  A jackal zombie (D:6)
  7 rats
562 creatures vanquished.

Vanquished Creatures (others)
  4 fungi
  A plant (Lair:2)
5 creatures vanquished.

Grand Total: 567 creatures vanquished

Notes
Turn   | Place    | Note
-------+----------+-------------------------------------------
     0 | D:1      | Azzok the Gargoyle Earth Elementalist began the quest for the Orb.
     0 | D:1      | Reached XP level 1. HP: 10/10 MP: 3/3
   378 | D:1      | Reached XP level 2. HP: 15/15 MP: 3/5
   380 | D:1      | Reached skill level 4 in Earth Magic
   933 | D:1      | Reached XP level 3. HP: 19/19 MP: 6/6
   938 | D:1      | Learned a level 3 spell: Stone Arrow
  1139 | D:2      | Reached skill level 1 in Conjurations
  1139 | D:2      | Reached XP level 4. HP: 10/24 MP: 3/8
  1458 | D:2      | Reached skill level 5 in Earth Magic
  1469 | D:2      | Reached XP level 5. HP: 16/28 MP: 5/9
  2517 | D:3      | Learned a level 5 spell: Lee's Rapid Deconstruction
  2610 | D:3      | Reached XP level 6. HP: 27/33 MP: 11/11
  2702 | D:3      | Noticed Natasha
  2721 | D:3      | Killed Natasha
  2721 | D:3      | Reached skill level 1 in Fighting
  2840 | D:3      | Noticed Natasha
  2843 | D:3      | Killed Natasha
  2890 | D:3      | Found a faded altar of an unknown god.
  3058 | D:3      | Noticed Natasha
  3061 | D:3      | Killed Natasha
  3061 | D:3      | Reached skill level 6 in Earth Magic
  3690 | D:4      | Found a staircase to the Ecumenical Temple.
  3709 | Temple   | Entered the Ecumenical Temple
  3763 | Temple   | Became a worshipper of Vehumet
  3929 | D:5      | Entered Level 5 of the Dungeon
  3949 | D:5      | Reached XP level 7. HP: 41/41 MP: 8/12
  4003 | D:5      | Reached skill level 7 in Earth Magic
  4311 | D:5      | Reached skill level 1 in Shields
  4589 | D:5      | Found Vuojoydd's Distillery.
  4597 | D:5      | Bought a potion of curing for 33 gold pieces
  4597 | D:5      | Bought a potion of heal wounds for 55 gold pieces
  4616 | D:5      | Reached skill level 8 in Earth Magic
  4616 | D:5      | Reached XP level 8. HP: 48/48 MP: 13/13
  4940 | D:6      | Reached * piety under Vehumet
  4940 | D:6      | Offered knowledge of Sting by Vehumet.
  5279 | D:6      | Reached skill level 9 in Earth Magic
  5487 | D:6      | Reached skill level 5 in Fighting
  5820 | D:6      | Reached XP level 9. HP: 55/55 MP: 3/14
  5978 | D:7      | Reached skill level 10 in Earth Magic
  6218 | D:7      | Noticed a hornet
  6223 | D:7      | Killed a hornet
  6442 | D:7      | Got a faintly humming chain mail
  6981 | D:8      | Found a basalt altar of Yredelemnul.
  7312 | D:8      | Reached skill level 11 in Earth Magic
  7376 | D:8      | Found a runed door.
  7376 | D:8      | Noticed a six-headed hydra
  7376 | D:8      | Noticed a spiny frog
  7376 | D:8      | Noticed a deep elf knight
  7377 | D:8      | Noticed a stone giant
  7379 | D:8      | Noticed an orb spider
  7391 | D:8      | an orb spider changed into a hippogriff
  7392 | D:8      | Noticed a deep elf knight
  7392 | D:8      | Noticed a cyclops
  7392 | D:8      | Noticed a centaur warrior
  7392 | D:8      | Noticed a death knight
  7392 | D:8      | Noticed a swamp dragon
  7392 | D:8      | a hippogriff changed into a swamp dragon
  7557 | D:8      | Noticed a hornet
  7564 | D:8      | Noticed a hornet
  7567 | D:8      | Killed a hornet
  7567 | D:8      | Offered knowledge of Shock by Vehumet.
  7570 | D:8      | Killed a hornet
  7570 | D:8      | Reached ** piety under Vehumet
  7732 | D:8      | Reached XP level 10. HP: 45/65 MP: 15/15
  7962 | D:8      | Found a staircase to the Lair.
  8169 | D:9      | Found a glowing golden altar of the Shining One.
  8285 | D:9      | Reached skill level 12 in Earth Magic
  9041 | D:9      | Found an ancient bone altar of Kikubaaqudgha.
  9126 | D:9      | Offered knowledge of Dazzling Spray by Vehumet.
  9251 | D:9      | Found a staircase to the Orcish Mines.
  9266 | D:9      | Noticed Joseph
  9284 | D:9      | Noticed a two-headed ogre
  9302 | D:8      | Killed a two-headed ogre
  9302 | D:8      | Reached skill level 10 in Fighting
  9551 | D:9      | Killed Joseph
  9653 | D:9      | Reached skill level 13 in Earth Magic
  9766 | D:10     | Entered Level 10 of the Dungeon
  9868 | D:10     | Reached skill level 1 in Armour
 10154 | D:10     | Identified the cursed +1 chain mail of Disguise {rElec Dex+3} (You found it on level 7 of the Dungeon)
 10204 | D:10     | Reached *** piety under Vehumet
 10419 | D:10     | Reached XP level 11. HP: 72/72 MP: 6/16
 10752 | D:10     | Reached skill level 5 in Conjurations
 11939 | D:11     | Offered knowledge of Fulminant Prism by Vehumet.
 12261 | D:11     | Reached skill level 5 in Armour
 12352 | D:11     | Reached skill level 14 in Earth Magic
 12433 | D:11     | Noticed a two-headed ogre
 12439 | D:11     | Killed a two-headed ogre
 12901 | D:12     | Noticed Sonja
 12904 | D:12     | Killed Sonja
 12931 | D:12     | Noticed a two-headed ogre
 12940 | D:12     | Killed a two-headed ogre
 12949 | D:12     | Reached **** piety under Vehumet
 12984 | D:12     | Reached XP level 12. HP: 43/77 MP: 11/17
 13021 | D:12     | Offered knowledge of Conjure Flame by Vehumet.
 13048 | D:12     | Found a labyrinth entrance.
 13057 | Lab      | Entered a labyrinth
 13074 | Lab      | Learned a level 2 spell: Passwall
 13405 | Lab      | Noticed a minotaur
 13422 | Lab      | Killed a minotaur
 13439 | Lab      | Found the +9 heavy crossbow "Sniper" {velocity, Acc+∞ SInv}
 13439 | Lab      | Found the +9 staff of Wucad Mu {channel}
 13439 | Lab      | Found the +7 longbow "Piercer" {penet, EV-2}
 13439 | Lab      | Got a smoking lead ring
 13440 | Lab      | Got an ichor-stained chain mail
 13485 | D:12     | Identified the ring "Luhaeb" {*Drain +Inv rC++ MP+9} (You found it in a labyrinth)
 13486 | D:12     | Identified the +1 chain mail of Fedhas's Displeasure {rPois} (You found it in a labyrinth)
 13702 | D:12     | Noticed a two-headed ogre
 13708 | D:12     | Killed a two-headed ogre
 13708 | D:12     | Reached skill level 15 in Earth Magic
 13729 | D:12     | Noticed Fannar
 14023 | D:10     | Killed Fannar
 14817 | Lair:1   | Entered Level 1 of the Lair of Beasts
 15192 | Lair:1   | Noticed a five-headed hydra
 15196 | Lair:1   | Killed a five-headed hydra
 15424 | Lair:1   | Noticed a four-headed hydra
 15431 | Lair:1   | Killed a four-headed hydra
 15845 | Lair:2   | Reached ***** piety under Vehumet
 15845 | Lair:2   | Reached XP level 13. HP: 55/82 MP: 18/18
 15850 | Lair:2   | Offered knowledge of Bolt of Magma by Vehumet.
 15852 | Lair:2   | Reached skill level 10 in Conjurations
 16164 | Lair:2   | Reached skill level 16 in Earth Magic
 16628 | Lair:1   | Reached skill level 10 in Armour
 17466 | Lair:1   | HP: 4/82 [yak (8)]
 17929 | Lair:2   | Found a staircase to the Shoals.
 18111 | Lair:2   | Found a hole to the Spider Nest.
 18905 | Lair:3   | Reached skill level 5 in Spellcasting
 19282 | Lair:3   | Offered knowledge of Poison Arrow by Vehumet.
 19682 | Lair:4   | Learned a level 3 spell: Regeneration
 20328 | Lair:4   | Reached skill level 17 in Earth Magic
 20664 | Lair:4   | Gained mutation: Your large and strong wings let you fly indefinitely. [Gargoyle growth]
 20664 | Lair:4   | Reached XP level 14. HP: 88/88 MP: 19/23
 22112 | Lair:6   | Entered Level 6 of the Lair of Beasts
 23563 | Lair:5   | Offered knowledge of Lightning Bolt by Vehumet.
 23669 | Lair:6   | Found a staircase to the Slime Pits.
 24188 | Lair:6   | Found a large runed door.
 24626 | Lair:6   | Found a large runed door.
 25234 | Lair:6   | Reached skill level 18 in Earth Magic
 25789 | D:12     | You fall through a shaft!
 25789 | D:13     | Found a white marble altar of Elyvilon.
 26035 | D:13     | Noticed Rupert
 26059 | D:13     | Paralysed by Rupert for 5 turns
 26070 | D:13     | Slain by Rupert

Vault maps used:
D:1:      nzn_arrival_depleted_hourglass
D:2:      cheibrodos_pilgrimage, minmay_misc_feat_encased
D:3:      chequers_ecumenical_altar_grove, uniq_natasha
D:4:      minmay_temple_entry_statues_fountains, serial_bayou_ford_a
D:5:      first_ration, serial_shops, shop
D:8:      minmay_gate_of_8, lair_entry_dummy, hangedman_pestilent_swarm,
          yredelemnul_altar_generic
D:9:      minmay_goldmine, lemuel_zombie_altar_kikubaaqudgha, orc_0_dummy,
          nicolae_tso_carved_into_rock, uniq_joseph
D:12:     lab_entry_generic, uniq_sonja, uniq_fannar
D:13:     david_vaults_2, serial_shops, shop, elyvilon_altar_3, uniq_rupert,
          uniq_azrael
Temple:   regret_index_temple_sigil_plot
Lair:2:   shoals_dummy_entry, nicolae_spider_entry_tight_spaces,
          grunt_megastairs_1
Lair:3:   cheibrodos_lair_reptile_den, grunt_megastairs_3
Lair:5:   grunt_megastairs_5
Lair:6:   cheibrodos_lair_end_hotspot, minmay_slime_entry_jelly_boxes
Lab:      nicolae_lab_statue, nicolae_lab_hexagon, labyrinth_skeletal_remains,
          nicolae_lab_plus, nicolae_lab_blocks, nicolae_lab_checkerboard

Skill      XL: |  1  2  3  4  5  6  7  8  9 10 11 12 13 14 |
---------------+-------------------------------------------+-----
Earth Magic    | 4 5 6 8 9 11 13 14 15 17 18 | 18.0
Spellcasting   | 3 6 8 |  8.2
Conjurations   | 1 2 4 7 9 11 13 | 13.1
Fighting       | 3 5 8 10 | 10.2
Shields        | 3 4 |  4.0
Armour         | 2 6 9 10 | 10.0
Dodging        | |  1.5
Stealth        | |  2.1
Transmutations | |  0.7

Action                   |  1- 3 |  4- 6 |  7- 9 | 10-12 | 13-15 || total
-------------------------+-------+-------+-------+-------+-------++-------
Melee: Dagger            |    48 |       |       |       |       ||    48
       Falchion          |       |   161 |   227 |   452 |   211 ||  1051
 Cast: Sandblast         |    14 |    27 |    28 |    94 |    66 ||   229
       Stone Arrow       |       |       |    11 |    82 |   405 ||   498
       Lee's Rapid Decon |       |       |    10 |    18 |    19 ||    47
       Passwall          |       |       |       |     1 |     1 ||     2
       Regeneration      |       |       |       |       |     9 ||     9
  Use: Scroll            |       |       |       |    13 |    10 ||    23
       Potion            |       |       |       |     3 |     3 ||     6
 Stab: Sleeping          |     3 |     4 |     4 |     1 |     2 ||    14
  Eat: Chunk             |     1 |     9 |    12 |    27 |    36 ||    85
       Ration            |       |       |     1 |     4 |     2 ||     7
Armor: Robe              |    18 |    55 |   102 |   299 |   316 ||   790
Dodge: Dodged            |    45 |   121 |   150 |   332 |   348 ||   996
Block: Buckler           |       |       |    33 |   110 |   128 ||   271
       Rpst.: Falchion   |       |    39 |    53 |   100 |   102 ||   294

Table legend:
 A = Spawn XP
 B = Non-spawn XP
 C = Spawn XP percentage of total XP
 D = Spawn monster count
 E = Non-spawn monster count
 F = Spawn count percentage of total count
 G = Total turns spent on level
                    A         B        C        D         E        F      G
               +---------+---------+-------+---------+---------+-------+---------
         Total |       0 |   80641 |   0.0 |       0 |     562 |   0.0 | 26070
               +---------+---------+-------+---------+---------+-------+---------
           D:1 |       0 |      37 |   0.0 |       0 |      19 |   0.0 |  1210
           D:2 |       0 |     150 |   0.0 |       0 |      19 |   0.0 |   879
           D:3 |       0 |     248 |   0.0 |       0 |      40 |   0.0 |  1166
           D:4 |       0 |     166 |   0.0 |       0 |      15 |   0.0 |   608
           D:5 |       0 |     808 |   0.0 |       0 |      16 |   0.0 |  1026
           D:6 |       0 |    1053 |   0.0 |       0 |      25 |   0.0 |  1005
           D:7 |       0 |     768 |   0.0 |       0 |      18 |   0.0 |   973
           D:8 |       0 |    2504 |   0.0 |       0 |      27 |   0.0 |  1449
           D:9 |       0 |    1994 |   0.0 |       0 |      50 |   0.0 |  1643
          D:10 |       0 |    4592 |   0.0 |       0 |      29 |   0.0 |  1589
          D:11 |       0 |    3455 |   0.0 |       0 |      17 |   0.0 |  1705
          D:12 |       0 |    8433 |   0.0 |       0 |      47 |   0.0 |  1157
          D:13 |       0 |    1671 |   0.0 |       0 |       6 |   0.0 |   281
        Lair:1 |       0 |    9860 |   0.0 |       0 |      43 |   0.0 |  2708
        Lair:2 |       0 |    4926 |   0.0 |       0 |      21 |   0.0 |   881
        Lair:3 |       0 |    5288 |   0.0 |       0 |      25 |   0.0 |  1345
        Lair:4 |       0 |    8896 |   0.0 |       0 |      38 |   0.0 |  1397
        Lair:5 |       0 |   11628 |   0.0 |       0 |      50 |   0.0 |  2483
        Lair:6 |       0 |   12293 |   0.0 |       0 |      51 |   0.0 |  2075
           Lab |       0 |    1871 |   0.0 |       0 |       6 |   0.0 |   424
               +---------+---------+-------+---------+---------+-------+---------
